 Dungeon Crawl Stone Soup version 0.27.1-4-g1640c2035a (webtiles) character file.

Game seed: 6323491145762320519

750 unlimited1921 the Vexing (level 7, -9/53 HPs)
             Began as a Gnoll Arcane Marksman on Nov 10, 2021.
             Mangled by a troll (17 damage)
             ... on level 5 of the Dungeon.
             The game lasted 00:37:53 (5725 turns).

unlimited1921 the Vexing (Gnoll Arcane Marksman)    Turns: 5725, Time: 00:37:53

Health: -9/53      AC:  3    Str: 12    XL:     7   Next: 78%
Magic:  10/12      EV: 13    Int: 12    God:
Gold:   162        SH:  0    Dex: 12    Spells: 7/13 levels left

rFire    . . .     SeeInvis .   y - +8 trident "Afraanad" {speed, Will++ Stlth+}
rCold    . . .     Faith    .   (no shield)
rNeg     . . .     Spirit   .   d - +0 robe
rPois    .         Reflect  .   k - +1 hat {Will+}
rElec    .         Harm     .   (no cloak)
rCorr    .         Rampage  .   (no gloves)
Will     +++..                  (no boots)
Stlth    +++.......             (no amulet)
HPRegen  0.17/turn              (no ring)
MPRegen  0.13/turn              (no ring)

@: no status effects
A: fangs 1, strong nose, distributed training
a: no special abilities


You were on level 5 of the Dungeon.
You visited 1 branch of the dungeon, and saw 6 of its levels.

You collected 285 gold pieces.
You spent 123 gold pieces at shops.

Inventory:

Hand Weapons
 a - a +0 hand crossbow
 i - a +0 whip
 q - a +1 dagger of holy wrath
 s - a +0 mace
 y - the +8 trident "Afraanad" (weapon) {speed, Will++ Stlth+}
   (You found it on level 5 of the Dungeon)

   Attacks with this weapon are significantly faster.
   Will:      It greatly increases your willpower.
   Stlth:     It makes you more stealthy.
Missiles
 b - 173 stones
 c - 43 bolts
 g - 31 poisoned darts (quivered)
 o - 20 sling bullets
Armour
 d - a +0 robe (worn)
 k - a +1 hat of willpower (worn)
 x - a +0 leather armour
Magical Staves
 e - a staff of earth
Jewellery
 t - an amulet of faith
Scrolls
 f - 3 scrolls of noise {unknown}
 j - 2 scrolls of vulnerability {unknown}
 m - 3 scrolls of teleportation {unknown}
 n - a scroll of amnesia
 r - a scroll of enchant weapon
 u - 2 scrolls of blinking
 B - a scroll of holy word {unknown}
Potions
 h - a potion of ambrosia {unknown}
 l - 2 potions of berserk rage {unknown}
 p - a potion of mutation {unknown}
 v - a potion of magic {unknown}
 w - a potion of degeneration {unknown}
 z - 2 potions of lignification {unknown}
 A - a potion of cancellation {unknown}


   Skills:
 + Level 3.8 Fighting
 + Level 2.7 Short Blades
 + Level 2.7 Long Blades
 + Level 2.7 Axes
 + Level 2.7 Maces & Flails
 + Level 2.7 Polearms
 + Level 2.7 Staves
 + Level 2.7 Slings
 + Level 2.7 Bows
 + Level 5.3 Crossbows
 + Level 2.7 Throwing
 + Level 2.7 Armour
 + Level 5.3 Dodging
 + Level 2.7 Stealth
 + Level 2.7 Shields
 + Level 2.7 Unarmed Combat
 + Level 3.9 Spellcasting
 + Level 2.2 Conjurations
 + Level 5.9 Hexes
 + Level 2.2 Summonings
 + Level 2.2 Necromancy
 + Level 2.2 Translocations
 + Level 2.2 Transmutations
 + Level 2.2 Fire Magic
 + Level 2.2 Ice Magic
 + Level 2.2 Air Magic
 + Level 2.2 Earth Magic
 + Level 2.2 Poison Magic
 + Level 3.0 Invocations
 + Level 2.7 Evocations


You had 7 spell levels left.
You knew the following spells:

 Your Spells              Type           Power      Damage    Failure   Level
a - Corona                Hex            17%        N/A       1%          1
b - Slow                  Hex            16%        N/A       3%          2
c - Inner Flame           Hex/Fire       12%        N/A       13%         3

Your spell library contained the following spells:

 Spells                   Type           Power      Damage    Failure   Level
 Portal Projectile        Hex/Tloc       24%        N/A       13%         3
 Cause Fear               Hex            8%         N/A       19%         4
 Gell's Gravitas          Tloc           3%         N/A       26%         3
 Teleport Other           Tloc           7%         N/A       26%         3
 Dispersal                Tloc           3%         N/A       100%        6


Dungeon Overview and Level Annotations

Branches:
Dungeon (6/15)
 Temple: D:4-7

Altars:
Okawaru
Wu Jian

Shops:
D:2 (   D:4 ?[


Innate Abilities, Weirdness & Mutations

You have very sharp teeth.
Your uncanny sense of smell can sniff out nearby items.
Your experience applies equally to all skills.


Message History

The troll is heavily wounded.
Throw: 36 darts (poison)
Press: ? - help, Q - select action, (/) - cycle Shift-Dir - straight line, f/p - troll
Aim: a troll (heavily wounded, poisoned, slow, 59% to hit)
You throw a poisoned dart. The poisoned dart hits the troll.
The troll looks even sicker.
The troll is heavily wounded.
Throw: 35 darts (poison)
Press: ? - help, Q - select action, (/) - cycle Shift-Dir - straight line, f/p - troll
Aim: a troll (heavily wounded, very poisoned, slow, 59% to hit)
You throw a poisoned dart.
The poisoned dart closely misses the troll.
Throw: 34 darts (poison)
Press: ? - help, Q - select action, (/) - cycle Shift-Dir - straight line, f/p - troll
Aim: a troll (heavily wounded, very poisoned, slow, 59% to hit)
You throw a poisoned dart.
The poisoned dart barely misses the troll.
Throw: 33 darts (poison)
Press: ? - help, Q - select action, (/) - cycle Shift-Dir - straight line, f/p - troll
Aim: a troll (heavily wounded, poisoned, slow, 59% to hit)
You throw a poisoned dart. The poisoned dart hits the troll.
The troll looks even sicker.
The troll is heavily wounded.
The troll is no longer moving slowly.
You are too injured to fight recklessly!
Throw: 32 darts (poison)
Press: ? - help, Q - select action, (/) - cycle Shift-Dir - straight line, f/p - troll
Aim: a troll (heavily wounded, very poisoned, 59% to hit)
You throw a poisoned dart. The poisoned dart hits the troll.
The troll looks even sicker.
The troll is heavily wounded.
There is a stone staircase leading up here.
The troll barely misses you. The troll claws you!
* * * LOW HITPOINT WARNING * * *
The troll claws you.
* * * LOW HITPOINT WARNING * * *
You climb upwards.
There is a stone staircase leading down here.
The troll bites you!
You die...

###.######.#.#######
#............#
#.#.######...# #.#.#
#...# #####.#.# #...#
#.....#.######...## ###
#.....#.>.........##
#..
####.....#.T###.#.....#
#.. #........#@.#
#.#...#.###..
#...##......#
#.######.....
#...##......# #.#
#####.... #...##......#
#.# #.# ##...
#...####'#..# #.#
#.#####.# #...........#
#.# ##...###.
##..........###.#
#....###
#..............#
##....##
#..............#
##....###


You could see a troll (very poisoned).

Vanquished Creatures
  An ice beast (D:5)
  A phantom (D:5)
  A vampire bat (D:5)
  A jelly (D:5)
  A centaur zombie (D:5)
  An orc priest (D:5)
  2 hounds (D:5)
  A bullfrog skeleton (D:5)
  2 centaur skeletons
  An iguana (D:5)
  2 orc wizards (D:5)
  2 hound skeletons
  4 adders
  2 ufetubi
  An adder skeleton (D:4)
  3 worms
  A dart slug (D:4)
  3 fire bats (D:5)
  7 orcs
  2 spectral bats (D:5)
  6 ball pythons
  3 bat skeletons (D:5)
  A bat zombie (D:5)
  3 endoplasms
  6 giant cockroaches
  5 hobgoblins
  4 jackals
  3 kobolds
  2 quokkas
  13 bats
  A bat simulacrum (D:5)
  3 frilled lizards (D:1)
  6 goblins
  4 rats
99 creatures vanquished.

Notes
Turn   | Place    | Note
-------+----------+-------------------------------------------
     0 | D:1      | unlimited1921 the Gnoll Arcane Marksman began the quest for
                  | the Orb.
     0 | D:1      | Reached XP level 1. HP: 17/17 MP: 4/4
   261 | D:1      | Reached XP level 2. HP: 20/23 MP: 2/5
  1195 | D:2      | Found Weefonas's Weapon Emporium.
  1224 | D:2      | Reached XP level 3. HP: 28/28 MP: 4/7
  1413 | D:2      | Reached skill level 1 in Invocations
  1781 | D:3      | Found a faded altar of an unknown god.
  1815 | D:3      | Reached skill level 1 in Short Blades
  1815 | D:3      | Reached skill level 1 in Long Blades
  1815 | D:3      | Reached skill level 1 in Axes
  1815 | D:3      | Reached skill level 1 in Maces & Flails
  1815 | D:3      | Reached skill level 1 in Polearms
  1815 | D:3      | Reached skill level 1 in Staves
  1815 | D:3      | Reached skill level 1 in Slings
  1815 | D:3      | Reached skill level 1 in Bows
  1815 | D:3      | Reached skill level 1 in Throwing
  1815 | D:3      | Reached skill level 1 in Armour
  1815 | D:3      | Reached skill level 1 in Stealth
  1815 | D:3      | Reached skill level 1 in Shields
  1815 | D:3      | Reached skill level 1 in Unarmed Combat
  1815 | D:3      | Reached skill level 1 in Evocations
  1841 | D:3      | Learned a level 2 spell: Slow
  2044 | D:3      | Reached XP level 4. HP: 34/34 MP: 6/8
  2617 | D:3      | Learned a level 3 spell: Inner Flame
  2618 | D:4      | Found Fuer's Armour Emporium.
  2678 | D:4      | Reached skill level 1 in Conjurations
  2678 | D:4      | Reached skill level 1 in Summonings
  2678 | D:4      | Reached skill level 1 in Necromancy
  2678 | D:4      | Reached skill level 1 in Translocations
  2678 | D:4      | Reached skill level 1 in Transmutations
  2678 | D:4      | Reached skill level 1 in Fire Magic
  2678 | D:4      | Reached skill level 1 in Ice Magic
  2678 | D:4      | Reached skill level 1 in Air Magic
  2678 | D:4      | Reached skill level 1 in Earth Magic
  2678 | D:4      | Reached skill level 1 in Poison Magic
  2929 | D:4      | Found Kaovo's Magic Scroll Boutique.
  2949 | D:4      | Bought a scroll of identify for 26 gold pieces
  2949 | D:4      | Bought a scroll of blinking for 97 gold pieces
  3081 | D:4      | Found an iron altar of Okawaru.
  3111 | D:4      | Reached XP level 5. HP: 37/40 MP: 4/9
  3510 | D:5      | Entered Level 5 of the Dungeon
  3674 | D:5      | Noticed an ice beast
  3684 | D:5      | Killed an ice beast
  3685 | D:5      | Reached XP level 6. HP: 47/47 MP: 6/11
  3966 | D:5      | Reached skill level 5 in Crossbows
  3966 | D:5      | Reached skill level 5 in Dodging
  4014 | D:5      | Identified the +8 trident "Afraanad" {speed, Will++ Stlth+}
  4218 | D:5      | Found an ornate altar of the Wu Jian Council.
  4467 | D:5      | Reached XP level 7. HP: 52/52 MP: 5/12
  5686 | D:6      | Noticed a troll
  5725 | D:5      | Mangled by a troll

Illustrated notes

Levels and vault maps discovered:
D:1:      wander_arrival_abandoned_jail, layout_basic
D:2:      layout_rooms, serial_shops, shop
D:3:      layout_loops_ring, ebering_ecumenical_altar_webs
D:4:      layout_cave_pools, okawaru_metal_pillars_3, serial_shops,
          nicolae_stop_n_shop_2, nicolae_shop_statue_plus
D:5:      layout_basic, mainiacjoe_overflow_24_doors, gup_sewer_entry_spiral,
          st_stairs_10, goddamned_bats
D:6:      layout_loops_ring, serial_shops, nicolae_shop_trees, serial_rivers,
          chequers_serial_rivers_micro_b, chequers_serial_rivers_large_a,
          chequers_serial_rivers_micro_e, chequers_serial_rivers_micro_c

Skill      XL: |  1  2  3  4  5  6  7 |
---------------+----------------------+-----
Invocations    | 1 2 3 |  3.0
Short Blades   | 1 2 |  2.7
Long Blades    | 1 2 |  2.7
Axes           | 1 2 |  2.7
Maces & Flails | 1 2 |  2.7
Polearms       | 1 2 |  2.7
Staves         | 1 2 |  2.7
Slings         | 1 2 |  2.7
Bows           | 1 2 |  2.7
Throwing       | 1 2 |  2.7
Armour         | 1 2 |  2.7
Stealth        | 1 2 |  2.7
Shields        | 1 2 |  2.7
Unarmed Combat | 1 2 |  2.7
Evocations     | 1 2 |  2.7
Spellcasting   | 3 |  3.9
Conjurations   | 1 2 |  2.2
Summonings     | 1 2 |  2.2
Necromancy     | 1 2 |  2.2
Translocations | 1 2 |  2.2
Transmutations | 1 2 |  2.2
Fire Magic     | 1 2 |  2.2
Ice Magic      | 1 2 |  2.2
Air Magic      | 1 2 |  2.2
Earth Magic    | 1 2 |  2.2
Poison Magic   | 1 2 |  2.2
Fighting       | 3 |  3.8
Crossbows      | 5 |  5.3
Dodging        | 5 |  5.3
Hexes          | |  5.9

Action                   |  1- 3 |  4- 6 |  7- 9 || total
-------------------------+-------+-------+-------++-------
Melee: Trident           |       |    24 |    92 ||   116
       Bite              |       |     1 |     3 ||     4
 Fire: Hand crossbow     |    72 |    76 |       ||   148
Throw: Dart              |     9 |    12 |     9 ||    30
 Cast: Corona            |    36 |    39 |    17 ||    92
       Slow              |       |     8 |     1 ||     9
       Inner Flame       |       |     1 |       ||     1
  Use: Scroll            |       |     2 |       ||     2
 Stab: Sleeping          |       |       |     2 ||     2
Armor: Robe              |     7 |    22 |    15 ||    44
Dodge: Dodged            |    31 |    40 |    49 ||   120
